 Dungeon Crawl Stone Soup version 0.27.0-1-g7a089689b8 (webtiles) character file.

Game seed: 3209879610108082777

14 howech the Twirler (level 2, -2/25 HPs)
             Began as a Minotaur Gladiator on Aug 3, 2021.
             Splashed by a jelly's acid (11 damage)
             ... on level 2 of the Dungeon.
             The game lasted 00:01:25 (503 turns).

howech the Twirler (Minotaur Gladiator)              Turns: 503, Time: 00:01:25

Health: -2/25      AC:  3    Str: 18    XL:     2   Next: 31%
Magic:  1/1        EV: 12    Int:  5    God:
Gold:   43         SH:  0    Dex: 11    Spells: 1/1 levels left

rFire    . . .     SeeInvis .   a - +0 quarterstaff
rCold    . . .     Faith    .   (shield currently unavailable)
rNeg     . . .     Spirit   .   b - +0 leather armour
rPois    .         Reflect  .   c - +0 hat
rElec    .         Harm     .   (no cloak)
rCorr    .         Rampage  .   (no gloves)
Will     .....                  (no boots)
Stlth    +.........             (no amulet)
HPRegen  0.08/turn              (no ring)
MPRegen  0.07/turn              (no ring)

@: no status effects
A: horns 2, retaliatory headbutt
a: no special abilities


You were on level 2 of the Dungeon.
You visited 1 branch of the dungeon, and saw 2 of its levels.

You collected 43 gold pieces.

Inventory:

Hand Weapons
 a - a +0 quarterstaff (weapon)
Missiles
 d - 3 throwing nets (quivered)
Armour
 b - a +0 leather armour (worn)
 c - a +0 hat (worn)
Scrolls
 e - a scroll of magic mapping {unknown}
Potions
 f - a potion of mutation {unknown}


   Skills:
 + Level 2.5 Fighting
 + Level 4.2 Staves
 + Level 2.0 Throwing
 + Level 0.2 Armour
 + Level 3.5 Dodging


You had one spell level left.
You didn't know any spells.
Your spell library was empty.

Dungeon Overview and Level Annotations

Branches:
Dungeon (2/15)

Altars:


Innate Abilities, Weirdness & Mutations

You have a pair of horns on your head.
You reflexively headbutt those who attack you in melee.


Message History

You aren't carrying any scrolls.
Unknown command.
It was a potion of cancellation.
You feel magically purged.
You climb downwards.
Found a scroll labelled OTUKKI HILECS.
There is a stone staircase leading up here.
e - a scroll labelled OTUKKI HILECS HP restored.
An endoplasm comes into view.
Found a dagger.
You hit the endoplasm.
The endoplasm is heavily wounded.
The endoplasm hits you. The endoplasm misses you. You furiously retaliate!
You headbutt the endoplasm, but do no damage.
You completely miss the endoplasm.
The endoplasm is heavily wounded.
The endoplasm hits you.
You hit the endoplasm but do no damage.
You headbutt the endoplasm, but do no damage.
The endoplasm is heavily wounded.
The endoplasm barely misses you.
You hit the endoplasm but do no damage. Your headbutt misses the endoplasm.
The endoplasm is heavily wounded.
The endoplasm closely misses you.
You hit the endoplasm but do no damage. You headbutt the endoplasm.
You kill the endoplasm!
f - a sapphire potion
Found 23 stones.
Found 20 stones.
A jelly comes into view.
The jelly quivers.
The jelly moves out of view.
You see here 7 gold pieces.
You now have 43 gold pieces (gained 7).
The jelly hits you.
You are splashed with acid!
You barely miss the jelly. The jelly barely misses you.
You hit the jelly.
Your hands burn!
Your headbutt misses the jelly.
The jelly is moderately wounded.
The jelly hits you.
You are splashed with acid!
You die...

.. .# #.#. #. #.# # #.#.
#. #.#.#..# #.#. #.
#.#.#..##.. ##.#. #.
#.#.#..##..###.... #.
#.#....##.........
.#####.##.#.....#...##....
..........................
.####....@.........######.
#.####J......#..#####. #.
##..(..###....... #
##.....#..######
##..#...## #..###.#
#.....#.# ...(....#..
..........####


You could see a jelly.

Vanquished Creatures
  5 endoplasms
  2 goblins (D:1)
  2 jackals (D:1)
  A kobold (D:1)
  A quokka (D:1)
11 creatures vanquished.

Notes
Turn   | Place    | Note
-------+----------+-------------------------------------------
     0 | D:1      | howech the Minotaur Gladiator began the quest for the Orb.
     0 | D:1      | Reached XP level 1. HP: 18/18 MP: 0/0
   172 | D:1      | Reached skill level 4 in Staves
   172 | D:1      | Reached XP level 2. HP: 25/25 MP: 1/1
   287 | D:1      | Found a faded altar of an unknown god.
   503 | D:2      | Splashed by a jelly's acid

Illustrated notes

Levels and vault maps discovered:
D:1:      minmay_arrival_hallway, layout_rooms, shapermc_ecumenical_altar_venn,
          chequers_serial_rivers_small_a
D:2:      layout_loops_ring, basic_altar, nrook_mini_backslash

Skill      XL: |  1 |
---------------+----+-----
Staves         | 4 |  4.2
Fighting       | |  2.5
Throwing       | |  2.0
Armour         | |  0.2
Dodging        | |  3.5

Action                   || total
-------------------------++-------
Melee: Quarterstaff      ||    22
       Headbutt          ||     5
  Use: Potion            ||     1
Armor: Leather armour    ||     4
Dodge: Dodged            ||     7
